 Dungeon Crawl Stone Soup version 0.30-a0-743-gbfdf073431 (webtiles) character file.

Game seed: 5080857601990973839

4 Yoda the Insei (level 1, -1/15 HPs)
             Began as a Demigod Transmuter on Feb 7, 2023.
             Slain by a ball python (2 damage)
             ... on level 1 of the Dungeon.
             The game lasted 00:01:46 (280 turns).

Yoda the Insei (Demigod Transmuter)                  Turns: 280, Time: 00:01:47

Health: -1/15      AC:  2    Str: 11    XL:     1   Next: 46%
Magic:  0/5        EV:  9    Int: 15    God:
Gold:   57         SH:  0    Dex: 14    Spells: 2/3 levels left

rFire   + . .      SeeInvis .    g - staff of fire
rCold   . . .      Faith    .    (no shield)
rNeg    . . .      Spirit   .    a - +0 robe
rPois   .          Reflect  .    (helmet currently unavailable)
rElec   .          Harm     .    (no cloak)
rCorr   .          Rampage  .    (no gloves)
Will    .....                    (boots currently unavailable)
Stlth   +                        (no amulet)
HPRegen 0.22/turn                (no ring)
MPRegen 0.09/turn                (no ring)

@: appendages, constricted
A: horns 2, talons 2, high MP 1, forlorn, divine attributes
a: End Transformation


You were on level 1 of the Dungeon.
You had temporarily grown beastly horns and talons.
You visited 1 branch of the dungeon, and saw 1 of its levels.

You collected 57 gold pieces.

Inventory:

Armour
 a - a +0 robe (worn)
Magical Staves
 g - a staff of fire (weapon)
Scrolls
 c - a scroll of teleportation {unknown}
 d - a scroll of silence {unknown}
Potions
 b - a potion of lignification
 e - a potion of heal wounds {unknown}
 f - a potion of mutation {unknown}


   Skills:
 + Level 0.8 Fighting
 + Level 1.7 Dodging
 + Level 2.9 Unarmed Combat
 + Level 1.8 Spellcasting
 + Level 1.9 Transmutations


You had 2 spell levels left.
You knew the following spells:

 Your Spells              Type           Power      Damage    Failure   Level
a - Beastly Appendage     Tmut           14%        N/A       11%         1

Your spell library contained the following spells:

 Spells                   Type           Power      Damage    Failure   Level
 Wereblood                Tmut           7%         N/A       16%         2
 Spider Form              Tmut/Pois      4%         N/A       41%         3
 Ice Form                 Ice/Tmut       4%         N/A       83%         4


Dungeon Overview and Level Annotations

Branches:
Dungeon (1/15)


Innate Abilities, Weirdness & Mutations

You have temporarily grown beastly horns and talons.
You have an increased reservoir of magic. (+10% MP)
You shall have no god before yourself.
Your divine heritage dramatically boosts your attributes as you level up.


Message History

The ball python is moderately wounded.
The ball python bites you but does no damage.
The ball python grabs you. The ball python constricts you.
The ball python bites you. The ball python constricts you.
You hit the ball python.
The ball python is severely wounded.
The ball python closely misses you. The ball python constricts you.
You barely miss the ball python.
The ball python is severely wounded.
The ball python closely misses you. The ball python constricts you.
The ball python bites you. The ball python constricts you.
Casting: Beastly Appendage (safe; 11% risk of failure)
Confirm with . or Enter, or press ? or * to list all spells.
You grow a pair of large bovine horns.
Your feet morph into talons.
The ball python completely misses you. The ball python constricts you.
Unknown command.
Casting: Beastly Appendage (safe; 11% risk of failure)
Confirm with . or Enter, or press ? or * to list all spells.
You fail to extend your transformation any further.
The ball python barely misses you. The ball python constricts you.
The frilled lizard misses you.
Casting: Beastly Appendage (safe; 11% risk of failure)
Confirm with . or Enter, or press ? or * to list all spells.
You fail to extend your transformation any further.
The ball python bites you. The ball python constricts you.
The frilled lizard bites you.
* * * LOW HITPOINT WARNING * * *
Casting: Beastly Appendage (safe; 11% risk of failure)
Confirm with . or Enter, or press ? or * to list all spells.
You extend your transformation's duration.
The ball python bites you.
* * * LOW HITPOINT WARNING * * *
The ball python constricts you.
* * * LOW HITPOINT WARNING * * *
The frilled lizard bites you but does no damage.
Casting: Beastly Appendage (safe; 11% risk of failure)
Confirm with . or Enter, or press ? or * to list all spells.
You extend your transformation's duration.
The ball python bites you.
You die...

...#.#...........
#..#......#......##
#..##.#...#..##...#
#............###..#
.....####......##.#
..... ###.#.....#
...#.
##.###...###.## !..
##....#.S.......
#.......@..##.##
#......l....#
#...........#
............#
...........##
..........##
......#?...
.$...#######


You could see a ball python and a frilled lizard.

Vanquished Creatures
  An endoplasm (D:1)
  A ball python (D:1)
  2 bats (D:1)
  A frilled lizard (D:1)
  A rat (D:1)
6 creatures vanquished.

Vanquished Creatures (others)
  2 fungi (D:1)
  3 plants (D:1)
5 creatures vanquished.

Grand Total: 11 creatures vanquished

Notes
Turn   | Place    | Note
-------+----------+-------------------------------------------
     0 | D:1      | Yoda the Demigod Transmuter began the quest for the Orb.
     0 | D:1      | Reached XP level 1. HP: 15/15 MP: 5/5
   280 | D:1      | Slain by a ball python

Illustrated notes

Levels and vault maps discovered:
D:1:      enne_arrival_octagon_isle, layout_rooms,
          shapermc_ecumenical_altar_ellora

Action                     || total
---------------------------++-------
  Melee: Unarmed           ||    41
         Staff             ||     3
         Punch             ||     2
   Cast: Beastly Appendage ||     5
   Stab: Sleeping          ||     1
 Armour: Robe              ||    11
  Dodge: Dodged            ||    33

Table legend: (Time is in decaauts)
 A = Elapsed time spent in this place.
 B = Non-inter-level travel time spent in this place.
 C = Inter-level travel time spent in this place.
 D = Time resting spent in this place.
 E = Time spent auto-exploring this place.
 F = Levels seen in this place.
 G = Mean time per level.
                   A        B        C        D        E       F      G
               +--------+--------+--------+--------+--------+-----+--------+
         Total |    279 |    278 |      1 |      0 |      0 |   1 |  279.0 |
       Dungeon |    279 |    278 |      1 |      0 |      0 |   1 |  279.0 |
               +--------+--------+--------+--------+--------+-----+--------+

Top non-repeatable levels by time:
     D:1: 279 daAuts
